 Dungeon Crawl Stone Soup version 0.30.0-10-gfe55d96785 (webtiles) character file.

Game seed: 2967091793661013062

18 GregorKastrin the Chiller (level 2, -1/20 HPs)
             Began as a Draconian Ice Elementalist on May 16, 2023.
             Slain by a gnoll
             ... wielding a +0 spear of freezing
              (6 damage)
             ... on level 2 of the Dungeon.
             The game lasted 00:02:26 (461 turns).

GregorKastrin the Chiller (DrIE)                     Turns: 461, Time: 00:02:27

Health: -1/20      AC:  4    Str: 10    XL:     2   Next: 51%
Magic:  1/5        EV: 12    Int: 15    God:
Gold:   30         SH:  0    Dex: 11    Spells: 4/5 levels left

rFire   . . .        (no weapon)
rCold   . . .        (no shield)
rNeg    . . .        (body armour unavailable)
rPois   .            (helmet restricted)
rElec   .            (no cloak)
rCorr   .            (no gloves)
SInv    .            (no boots)
Will    .....        (no amulet)
Stlth   ++           (no ring)
HPRegen 0.23/turn    (no ring)
MPRegen 0.09/turn

%: no passive effects
@: slowed, very slow
A: AC +4, unfitting armour, cold-blooded
a: no special abilities


You were on level 2 of the Dungeon.
You visited 1 branch of the dungeon, and saw 2 of its levels.

You collected 30 gold pieces.

Inventory:

Missiles
 a - 5 atropa-tipped darts
 c - 2 throwing nets
Potions
 b - a potion of degeneration {unknown}
 d - 2 potions of curing {unknown}


   Skills:
 * Level 2.0 Dodging
 * Level 1.9 Stealth
 * Level 2.1 Spellcasting
 * Level 4.4 Ice Magic


You had 4 spell levels left.
You knew the following spells:

 Your Spells              Type           Power      Damage    Failure   Level
a - Freeze                Ice            56%        1d7       3%          1

Your spell library contained the following spells:

 Spells                   Type           Power      Damage    Failure   Level
 Frozen Ramparts          Ice            28%        1d5       11%         3
 Ozocubu's Armour         Ice            14%        N/A       11%         3
 Summon Ice Beast         Ice/Summ       8%         N/A       65%         4


Dungeon Overview and Level Annotations

Branches:
Dungeon (2/15)

Altars:


Innate Abilities, Weirdness & Mutations

Your plain brown scales are hard. (AC +4)
You cannot fit into any form of body armour.
You are cold-blooded and may be slowed by cold attacks.


Message History

The goblin is heavily wounded.
You hear a shout!
A gnoll comes into view. It is wielding a +0 spear.
The goblin hits you with a +0 club.
Aiming: Freeze (safe; 3% risk of failure)
Press: ? - help, Q - select action, (/) - cycle Shift-Dir - straight line, f/p - goblin
Aim: a goblin, wielding a +0 club (heavily wounded)
You freeze the goblin.
You kill the goblin!
Your Dodging skill increases to level 2!
A gnoll comes into view. It is wielding a +0 spear of freezing.
A quokka comes into view.
Aiming: Freeze (safe; 3% risk of failure)
Press: ? - help, Q - select action, (/) - cycle Shift-Dir - straight line, f - rat
Aim: a rat You freeze the rat!
You kill the rat!
The gnoll attacks as you move away! The gnoll hits you with a +0 club.
Okay, then.
Aiming: Freeze (safe; 3% risk of failure)
Press: ? - help, Q - select action, (/) - cycle Shift-Dir - straight line, f - gnoll
Aim: a gnoll, wielding a +0 club You freeze the gnoll.
The gnoll is lightly wounded.
The gnoll closely misses you.
Aiming: Freeze (safe; 3% risk of failure)
Press: ? - help, Q - select action, (/) - cycle Shift-Dir - straight line, f/p - gnoll
Aim: a gnoll, wielding a +0 club (lightly wounded)
You freeze the gnoll.
The gnoll is moderately wounded.
The gnoll hits you with a +0 club.
The gnoll hits you from afar with a +0 spear of freezing.
* * * LOW HITPOINT WARNING * * *
You feel yourself slow down. The gnoll freezes you.
* * * LOW HITPOINT WARNING * * *
As you read the scroll labelled OSU ACLAOTIF, it crumbles to dust.
It is a scroll of enchant weapon.
You aren't carrying any weapons that can be enchanted.
The gnoll hits you from afar with a +0 spear of freezing.
You die...

.....# ....###
#.g)# #r# #.##
#g.# ##.#
########
#g##########
#.......
#rgg@..#.(.#
#.......
######.#...#
#.......
#.#...###.......
#.'.............
###...........##
####...#.....#
#...#......
#####......
#......


You could see 3 gnolls and a quokka.

Vanquished Creatures
  A ball python (D:2)
  A bat (D:1)
  2 endoplasms (D:1)
  A giant cockroach (D:1)
  A goblin (D:2)
  2 hobgoblins (D:1)
  4 jackals (D:1)
  A frilled lizard (D:1)
  2 rats
15 creatures vanquished.

Notes
Turn   | Place    | Note
-------+----------+-------------------------------------------
     0 | D:1      | GregorKastrin the Draconian Ice Elementalist began the
                  | quest for the Orb.
     0 | D:1      | Reached XP level 1. HP: 14/14 MP: 3/3
   172 | D:1      | Reached XP level 2. HP: 14/20 MP: 0/5
   461 | D:2      | Slain by a gnoll

Illustrated notes

Levels and vault maps discovered:
D:1:      minmay_arrival_nine_rooms, layout_basic, kennysheep_pointless_box,
          minmay_misc_feat_ornament, nicolae_wormholes
D:2:      layout_basic

Skill      XL: |  1  2 |
---------------+-------+-----
Dodging        | 2 |  2.0
Stealth        | |  1.9
Spellcasting   | |  2.1
Ice Magic      | |  4.4

Action                     || total
---------------------------++-------
  Melee: Unarmed           ||    16
         Tailslap          ||     4
   Cast: Freeze            ||    24
    Use: Scroll            ||     2
         Potion            ||     1
 Armour: Skin              ||    20
  Dodge: Dodged            ||    46
